 Dungeon Crawl Stone Soup version 0.32-a0-18-g89e19f1974 (webtiles) character file.

Game seed: 5871035142335587636

44 Newt the Changeling (level 3, -1/16 HPs)
             Began as an Octopode Shapeshifter on Jan 16, 2024.
             Succumbed to an adder's poison
             ... on level 2 of the Dungeon.
             The game lasted 00:01:05 (921 turns).

Newt the Changeling (Octopode Shapeshifter)          Turns: 921, Time: 00:01:06

Health: -1/16      AC:  1    Str: 15    XL:     3   Next: 62%
Magic:  3/3        EV: 17    Int: 12    God:
Gold:   53         SH:  0    Dex: 11    Spells: 2/2 levels left

rFire   . .          .
                       - Unarmed
rCold   . . .        (shield currently unavailable)
rNeg    + . .        (helmet restricted)
rPois   .            (no amulet)
rElec   .            e - ring of positive energy
rCorr   .            (no ring)
SInv    .            (no ring)
Will    .....        (no ring)
Stlth   +            (no ring)
HPRegen 0.22/turn    (no ring)
MPRegen 0.08/turn    (no ring)
                     (no ring)

%: no passive effects
@: lethally poisoned (-1 -> -13), flux-form, glowing
A: glow, contaminating, reduced hp, almost no armour, amphibious, 8 rings,
camouflage 1, gelatinous body 1, (nimble swimmer 1), tentacles
a: Begin Untransformation


You were on level 2 of the Dungeon.
You were something dangerously unstable.
You visited 1 branch of the dungeon, and saw 2 of its levels.

You collected 53 gold pieces.

Inventory:

Jewellery
 e - a ring of positive energy (left tentacle)
Talismans
 b - a beast talisman
 c - a flux talisman (active)
Scrolls
 f - a scroll of identify {unknown}
 g - 2 scrolls of immolation
Potions
 a - a potion of lignification
 d - a potion of magic


   Skills:
 - Level 1.0 Fighting
 - Level 2.0 Dodging
 - Level 3.0 Unarmed Combat
 * Level 4.3 Shapeshifting


You had 2 spell levels left.
You didn't know any spells.
Your spell library was empty.

Dungeon Overview and Level Annotations

Branches:
Dungeon (2/15)

Altars:


Innate Abilities, Weirdness & Mutations

You are something dangerously unstable.
You glow with magical radiation, making you easy to see and hit.
Foes you strike become dangerously contaminated with magical radiation.
Your maximum health is decreased, since you lack skill for your form.
You are incapable of wielding weapons or throwing items.
You cannot wear most types of armour.
You are amphibious.
You can wear up to eight rings at the same time.
Your skin changes colour to match your surroundings (Stealth+).
Your rubbery body absorbs attacks. (AC +1, EV +1)
((You are camouflaged when in or above water. (Stealth+)))
You have tentacles for arms and can constrict up to eight enemies at once.


Message History

You tentacle-slap the rat.
You kill the rat!
No target in view!
No target in view!
Found a ring mail.
An endoplasm comes into view.
Found a mace.
An endoplasm is nearby!
An adder and a quokka come into view.
Found a ruby ring and a book of Burglary.
Found a stone staircase leading down.
You barely miss the adder. Your grab misses the adder.
The adder closely misses you.
You closely miss the adder. Your grab misses the adder.
Your squeeze misses the adder. The adder bites you.
You are poisoned.
The adder poisons you! The adder bites you.
You are more poisoned.
The adder poisons you!
You closely miss the adder. Your grab misses the adder.
You feel very sick.
The endoplasm quivers.
The adder bites you but does no damage.
Unknown command.
You feel sick. The adder attacks as it pursues you!
The adder completely misses you.
You feel sick. The adder attacks as it pursues you!
The adder closely misses you.
Unknown command.
You miss the adder. Your grab misses the adder.
You feel sick. The adder bites you.
* * * LOW HITPOINT WARNING * * *
You are more poisoned.
The adder poisons you! The adder bites you.
* * * LOW HITPOINT WARNING * * *
You are more poisoned.
The adder poisons you!
Unknown command.
It was a potion of magic.
Magic courses through your body.
You die...

### ### #..##..##
........##
....:....##########
....>......##.....#
.......r##.##.###.# ###
........#p......#.######..
.......rS####.....<......#
...[.....#..........####..
........#.........#.# ##.
#=)##..######.#.#.#.# ##.#
## ...# #(#.#.#.###.##
#... #.#........## ...##
#.#.#.#####.## ###
...........#


You could see an adder and a quokka.

Vanquished Creatures
  An adder (D:2)
  A dart slug (D:1)
  3 ball pythons
  2 bats (D:1)
  2 endoplasms (D:1)
  3 goblins (D:1)
  5 hobgoblins (D:1)
  2 kobolds (D:1)
  5 quokkas (D:1)
  2 frilled lizards (D:1)
  3 rats
29 creatures vanquished.

Notes
Turn   | Place    | Note
-------+----------+-------------------------------------------
     0 | D:1      | Newt the Octopode Shapeshifter began the quest for the Orb.
     0 | D:1      | Reached XP level 1. HP: 13/13 MP: 1/1
    62 | D:1      | Reached XP level 2. HP: 11/18 MP: 2/2
   450 | D:1      | Reached XP level 3. HP: 16/23 MP: 3/3
   456 | D:1      | Reached skill level 4 in Shapeshifting
   921 | D:2      | Succumbed to an adder's poison

Illustrated notes

Levels and vault maps discovered:
D:1:      heliophobic_arrival_battle_scene, layout_basic
D:2:      layout_loops_ring, chequers_ecumenical_altar_simple_redux,
          st_stairs_5, uniq_jessica

Skill      XL: |  1  2  3 |
---------------+----------+-----
Shapeshifting  | 4 |  4.3
Fighting       | |  1.0
Dodging        | |  2.0
Unarmed Combat | |  3.0

Action                     || total
---------------------------++-------
  Melee: Unarmed           ||    66
         Constrict         ||    24
         Tentacles         ||    18
    Use: Scroll            ||     3
         Potion            ||     1
   Stab: Sleeping          ||     1
 Armour: Skin              ||    27
  Dodge: Dodged            ||    46
   Form: Flux              ||     1

Table legend: (Time is in decaauts)
 A = Elapsed time spent in this place.
 B = Non-inter-level travel time spent in this place.
 C = Inter-level travel time spent in this place.
 D = Time resting spent in this place.
 E = Time spent auto-exploring this place.
 F = Levels seen in this place.
 G = Mean time per level.
                   A        B        C        D        E       F      G
               +--------+--------+--------+--------+--------+-----+--------+
         Total |    916 |    902 |     14 |    143 |    591 |   2 |  458.0 |
       Dungeon |    916 |    902 |     14 |    143 |    591 |   2 |  458.0 |
               +--------+--------+--------+--------+--------+-----+--------+

Top non-repeatable levels by time:
     D:1: 798 daAuts
     D:2: 118 daAuts
